Map: Nightscape LE

Players

Mirko

  • Race: Zerg Zerg
  • League: Diamond
  • Spawn Location: 7:00

GosuMcBash

  • Race: Terran Terran
  • Spawn Location: 7:00

Massa - Winner!

  • Race: Terran Terran
  • League: Platinum
  • Spawn Location: 1:00

qqq - Winner!

  • Race: Protoss Protoss
  • Spawn Location: 1:00

VOD

Have the link to the VOD?

Description

Time

  • Played on: Oct. 31, 2020, 5:53 a.m.
  • Length: 2:27
Show
View Real Time Build Order
Export as new Build Order

Mirko Zerg 

Build Orders: Hatch First 

Get SALT Encoding   

  12  0:00  Drone  
  13  0:13  Overlord  
  13  0:20  Drone  
  15  0:35  Drone x2  
  16  0:52  Drone  
  16  0:56  Drone  
  18  0:58  Hatchery  
  17  1:05  Drone  
  18  1:11  Extractor  
  18  1:16  Drone  
  18  1:20  Spawning Pool  
  17  1:27  Drone  
  18  1:37  Drone  
  19  1:48  Drone  
  20  1:58  Overlord  
Show
View Real Time Build Order
Export as new Build Order

GosuMcBash Terran 

Build Orders: Reaper Expand 

Get SALT Encoding   

  12  0:00  SCV  
  13  0:12  SCV  
  14  0:17  Supply Depot  
  14  0:28  SCV  
  15  0:40  Barracks  
  15  0:44  Refinery  
  15  0:50  SCV  
  16  1:02  SCV  
  17  1:14  SCV  
  18  1:27  SCV  
  18  1:29  Reaper  
  20  1:39  Orbital Command  
  20  2:01  Refinery  
  20  2:03  Command Center, Supply Depot  
  20  2:07  SCV  
  21  2:13  Barracks  
  21  2:14  Barracks  
Show
View Real Time Build Order
Export as new Build Order

Massa Terran - Winner!

Build Orders:  

Get SALT Encoding   

  12  0:00  SCV  
  13  0:13  SCV  
  14  0:22  Supply Depot  
  14  0:25  SCV  
  15  0:35  Refinery  
  15  0:44  SCV  
  15  0:45  Barracks  
  16  0:56  SCV  
  17  1:08  SCV  
  18  1:20  SCV  
  20  1:33  Reaper  
  20  1:37  Orbital Command  
  20  1:43  Command Center  
  20  2:04  SCV  
  20  2:07  Factory  
  21  2:08  Supply Depot  
Show
View Real Time Build Order
Export as new Build Order

qqq Protoss - Winner!

Build Orders:  

Get SALT Encoding   

  12  0:01  Probe  
  13  0:13  Probe  
  14  0:18  Pylon  
  14  0:30  Probe  
  15  0:38  Forge  
  15  0:43  Probe  
  16  0:55  Pylon  
  16  1:06  Pylon  
  16  1:13  Probe  
  16  1:18  Photon Cannon  
  17  1:26  Probe  
  18  1:54  Nexus  
  18  1:56  Photon Cannon  
  18  2:07  Photon Cannon  
  18  2:22  Pylon  
Tags
 
Add a new tag
Caveats
  • Supply blocks, unpowered buildings, or Contaminate may cause inaccurate times.
  • Supply counts are checked every 10 seconds.